 Dungeon Crawl Stone Soup version 0.23-a0-183-gf37f6fb (webtiles) character file.

8009 namelastname112 the Covert (level 11, -6/91 (92) HPs)
             Began as a Green Draconian Assassin on Sept 21, 2018.
             Was a Believer of Dithmenos.
             Mangled by a brown ugly thing (14 damage)
             ... on level 11 of the Dungeon.
             The game lasted 00:18:31 (10454 turns).

namelastname112 the Covert (DrAs)                  Turns: 10454, Time: 00:18:32

HP:   -6/91 (92)    AC:  9    Str: 13    XL:     11   Next: 4%
MP:   13/13         EV: 16    Int: 11    God:    Dithmenos [**....]
Gold: 371           SH:  7    Dex: 20    Spells: 10/10 levels left

rFire    . . .     SeeInvis .   i - +3 dagger of Cikkatu {pierce, rElec rC+ rN+}
rCold    + . .     Gourm    .   V - +2 buckler
rNeg     + . .     Faith    .   (armour unavailable)
rPois    +         Spirit   .   (helmet restricted)
rElec    +         Reflect  .   N - +1 cloak
rCorr    .         Harm     +   v - +0 pair of gloves
MR       .....     Clarity  +   Q - +2 pair of boots
Stlth    +++++++...             w - amulet of harm
HPRegen  0.25/turn              P - ring of stealth
MPRegen  0.13/turn              y - +5 ring of dexterity

@: short of breath, corroded, wreathed by umbra
A: breathe noxious fumes, unfitting armour, clarity, poison resistance, weak 1,
wild magic 1, cold-blooded, AC +7
a: Breathe Noxious Fumes, Shadow Step, Renounce Religion


You were on level 11 of the Dungeon.
You worshipped Dithmenos.
Dithmenos was pleased with you.
You were near starving.

You visited 2 branches of the dungeon, and saw 12 of its levels.
You also visited: Sewer and Ossuary.

You collected 683 gold pieces.
You spent 312 gold pieces at shops.

Inventory:

Hand Weapons
 a - a +2 dagger of venom
 b - a +1 blowgun
 i - the +3 dagger of Cikkatu (weapon) {pierce, rElec rC+ rN+}
   (You found it on level 8 of the Dungeon)

   It inflicts extra damage upon your enemies.
   It protects you from cold.
   It insulates you from electricity.
   It protects you from negative energy.
 z - a +1 dagger of chaos
Missiles
 d - 36 poisoned needles
 e - 9 curare-tipped needles
 M - 2 throwing nets (quivered)
Armour
 v - a +0 pair of gloves (worn)
 N - a +1 cloak (worn)
 Q - a +2 pair of boots (worn)
 V - a +2 buckler (worn)
Jewellery
 p - an uncursed ring of positive energy
 w - an amulet of harm (around neck)
 y - a +5 ring of dexterity (right hand)
 J - an uncursed ring of protection from magic
 P - a ring of stealth (left hand)
 R - an uncursed ring of flight
 U - an uncursed ring of protection from cold {unknown}
Wands
 c - a wand of disintegration (8)
 A - a wand of flame (19)
 B - a wand of digging (3)
 L - a wand of polymorph (9)
 O - a wand of scattershot (5)
Scrolls
 h - 5 scrolls of amnesia
 m - 5 scrolls of teleportation
 n - 2 scrolls of magic mapping
 r - 6 scrolls of remove curse
 s - 4 scrolls of enchant weapon
 t - 4 scrolls of identify
 u - 2 scrolls of fog
 x - 5 scrolls of fear
 D - 4 scrolls of blinking
 H - a scroll of enchant armour
Potions
 g - 3 potions of might
 j - 12 potions of curing
 k - a potion of flight
 l - 6 potions of invisibility
 o - 2 potions of berserk rage {unknown}
 q - 3 potions of heal wounds
 C - 4 potions of resistance
 E - 2 potions of brilliance {unknown}
 F - 5 potions of haste {unknown}
 G - a potion of cancellation {unknown}
 I - a potion of magic {unknown}
 K - 2 potions of lignification {unknown}
Miscellaneous
 T - a lamp of fire
Comestibles
 f - 15 rations


   Skills:
 + Level 7.1 Fighting
 + Level 8.9 Short Blades
 + Level 6.0 Throwing
 + Level 5.6 Dodging
 + Level 9.3 Stealth
 + Level 3.3 Shields
 * Level 2.8 Invocations
 * Level 2.5 Evocations


You had 10 spell levels left.
You didn't know any spells.
Your spell library contained the following spells:

 Spells                   Type           Power        Failure   Level  Hunger
 Animate Skeleton         Necr           N/A          45%         1    ##.....
 Apportation              Tloc           #.....       45%         1    ##.....
 Confusing Touch          Hex            #.....       45%         1    ##.....
 Corona                   Hex            #......      45%         1    ##.....
 Summon Small Mammal      Summ           #...         45%         1    ##.....
 Slow                     Hex            #.......     58%         2    ###....
 Inner Flame              Hex/Fire       #.......     82%         3    ####...
 Portal Projectile        Hex/Tloc       #.....       82%         3    ####...
 Cause Fear               Hex            #.........   99%         4    #####..
 Leda's Liquefaction      Hex/Erth       #.........   99%         4    #####..


Dungeon Overview and Level Annotations

Branches:
Dungeon (11/15)            Temple (1/1) D:5
   Lair: D:8-11         Orc: D:9-12

Altars:
Ashenzari
Cheibriados
Dithmenos
Elyvilon
Fedhas
Gozag
Hepliaklqana
Kikubaaqudgha
Makhleb
Nemelex Xobeh
Okawaru
Qazlal
Ru
Sif Muna
Trog
Uskayaw
Vehumet
Wu Jian
Xom
Yredelemnul
Zin
The Shining One
Lugonu

Shops:
D:7 *


Innate Abilities, Weirdness & Mutations

You can breathe blasts of noxious fumes.
Your lurid green scales are hard. (AC +7)
You cannot fit into any form of body armour.
Your system is resistant to poisons. (rPois)
You are cold-blooded and may be slowed by cold attacks.
You possess an exceptional clarity of mind.
You are weak. (Str -2)
Your spells are a little harder to cast, but a little more powerful.


Message History

Evoke which item? (* to show all) (? for menu, Esc to quit)
Aiming: Polymorph
Press: ? - help, Shift-Dir - straight line, f/p - green ugly thing
Aim: a green ugly thing (moderately wounded, umbra, chance to defeat MR: 35%)
The green ugly thing basks in the mutagenic energy and changes!
The brown ugly thing engulfs you but does no damage.
You can't do that yet.
Unknown command.
You are near starving!
You block the brown ugly thing's attack.
A gargoyle comes into view. It is wielding a mace.
The brown ugly thing engulfs you.
You are splashed with acid!
The acid burns!
You take 16 damage, and have 31/91 hp.
The brown ugly thing engulfs you!
* * * LOW HITPOINT WARNING * * *
The acid corrodes you!
You are splashed with acid!
The acid burns!
* * * LOW HITPOINT WARNING * * *
You take 23 damage, and have 8/91 hp.
MASSIVE DAMAGE!!
The brown ugly thing engulfs you!
You die...

................. .
........#####......
####....# ......
#....# ..... +....#
.....
#....#####......
+........9......
#.....u.........
#....@...#####..
#..........#
#..........#
#..#.####### ....#.
... #.


You could see a brown ugly thing and a gargoyle.

Vanquished Creatures
  Snorg (D:10)
  Erolcha (D:9)
  Joseph (D:7)
  A troll (D:11)
  2 hornets
  A hippogriff (D:8)
  A wraith (D:10)
  4 hogs (D:7)
  A human (D:7)
  A hungry ghost (D:8)
  A water moccasin (D:8)
  2 orc warriors
  5 ice beasts
  2 necrophages
  4 ogres
  A phantom (D:7)
  A black bear (D:8)
  4 centaurs
  A big kobold (D:10)
  6 bullfrogs
  10 scorpions
  An electric eel (D:10)
  A crimson imp (D:5)
  A bullfrog zombie (D:7)
  Crazy Yiuf (D:7)
  3 human zombies (Ossuary)
  7 orc wizards
  2 centaur zombies (Ossuary)
  4 jellies
  A bullfrog skeleton (D:5)
  5 orc priests
  4 hounds
  2 centaur skeletons
  2 iguanas
  6 worker ants
  2 big kobold zombies (Ossuary)
  A hound zombie (D:5)
  A hound skeleton (D:7)
  2 mummies (Ossuary)
  8 gnolls
  3 scorpion zombies (Ossuary)
  18 adders
  A river rat (D:6)
  3 shadow imps
  13 oozes (Sewer)
  An adder zombie (D:10)
  2 adder skeletons
  3 worms
  A dart slug (D:1)
  17 leopard geckos
  41 orcs
  11 ball pythons
  16 bats
  15 giant cockroaches
  9 goblins
  5 hobgoblins
  6 jackals
  4 quokkas
  13 frilled lizards
  2 gnoll zombies (Ossuary)
  2 hobgoblin zombies
  12 kobolds
  A kobold zombie (Ossuary)
  2 leopard gecko skeletons
  2 leopard gecko zombies (D:5)
  An orc zombie (Ossuary)
  A quokka zombie (D:7)
  6 rats
  A bush (D:4)
317 creatures vanquished.

Vanquished Creatures (collateral kills)
  A scorpion (Ossuary)
1 creature vanquished.

Vanquished Creatures (others)
  A wizard (D:3)
  A mummy (Ossuary)
  A plant (D:4)
3 creatures vanquished.

Grand Total: 321 creatures vanquished

Notes
Turn   | Place    | Note
-------+----------+-------------------------------------------
     0 | D:1      | namelastname112 the Draconian Assassin began the quest for
                  | the Orb.
     0 | D:1      | Reached XP level 1. HP: 17/17 MP: 1/1
    59 | D:1      | Reached skill level 1 in Dodging
   196 | D:1      | Reached XP level 2. HP: 19/24 MP: 2/2
   436 | D:1      | Reached skill level 4 in Stealth
   439 | D:1      | Reached XP level 3. HP: 24/30 MP: 3/3
  1211 | D:2      | Noticed an ogre
  1226 | D:2      | Killed an ogre
  1226 | D:2      | Reached XP level 4. HP: 37/37 MP: 4/4
  1226 | D:2      | Reached XP level 5. HP: 44/44 MP: 5/5
  1562 | D:2      | Found a stormy altar of Qazlal.
  1936 | D:3      | Found a bloodstained altar of Trog.
  1938 | D:3      | Noticed a wizard
  1944 | D:3      | Killed a wizard
  2174 | D:3      | Reached XP level 6. HP: 38/51 MP: 6/6
  2839 | D:3      | Reached skill level 5 in Stealth
  3425 | D:4      | Your scales start taking on a lurid green colour.
  3425 | D:4      | Reached XP level 7. HP: 57/57 MP: 7/7
  3425 | D:4      | Gained mutation: Your system is resistant to poisons.
                  | (rPois) [Green Draconian growth]
  3752 | D:4      | Found a shimmering altar of Xom.
  4349 | D:5      | Entered Level 5 of the Dungeon
  4543 | D:5      | Found a staircase to the Ecumenical Temple.
  4660 | D:5      | Reached skill level 5 in Short Blades
  4707 | D:5      | Found a sand-covered staircase.
  4718 | Ossuary  | Entered an ossuary
  4807 | Ossuary  | Reached skill level 6 in Stealth
  4833 | Ossuary  | Reached XP level 8. HP: 31/66 MP: 8/8
  5787 | D:5      | Reached skill level 7 in Stealth
  5966 | D:5      | Reached skill level 5 in Fighting
  6259 | Temple   | Entered the Ecumenical Temple
  6654 | D:6      | Found a glowing drain.
  6688 | Sewer    | Entered a sewer
  7066 | Sewer    | Reached XP level 9. HP: 62/73 MP: 9/9
  7251 | D:6      | Found a shattered altar of Ashenzari.
  7256 | D:6      | Found a sparkling altar of Nemelex Xobeh.
  7261 | D:6      | Found a shadowy altar of Dithmenos.
  7261 | D:6      | Found a deep blue altar of Sif Muna.
  7368 | D:6      | Found a basalt altar of Yredelemnul.
  7368 | D:6      | Found a blossoming altar of Fedhas.
  7368 | D:6      | Found an ornate altar of the Wu Jian Council.
  7420 | D:6      | Became a worshipper of Dithmenos the Shadowed
  7674 | D:7      | Found Heungurosyrr's Assorted Antiques.
  7682 | D:7      | Bought a pair of embroidered boots for 225 gold pieces
  7693 | D:7      | Bought a fuming pink potion for 27 gold pieces
  7693 | D:7      | Bought a scroll labeled GAECZU GESHRUUTHRUISS for 30 gold
                  | pieces
  7693 | D:7      | Bought a scroll labeled BARENA GAZIY for 30 gold pieces
  7697 | D:7      | Noticed Joseph
  7731 | D:7      | Found a runed door.
  7885 | D:7      | Noticed Crazy Yiuf
  7889 | D:7      | Killed Crazy Yiuf
  8154 | D:7      | Killed Joseph
  8154 | D:7      | Reached skill level 8 in Stealth
  8196 | D:7      | Reached skill level 5 in Throwing
  8372 | D:7      | Reached * piety under Dithmenos
  8372 | D:7      | Reached skill level 1 in Shields
  8491 | D:7      | Gained mutation: Your muscles are strong. (Str +2) [potion
                  | of mutation]
  8491 | D:7      | Gained mutation: You are agile. (Dex +2) [potion of
                  | mutation]
  8491 | D:7      | Gained mutation: You have sharp toenails. [potion of
                  | mutation]
  8492 | D:7      | Lost mutation: You have sharp toenails. [potion of
                  | mutation]
  8492 | D:7      | Lost mutation: You are agile. (Dex +2) [potion of mutation]
  8492 | D:7      | Lost mutation: Your muscles are strong. (Str +2) [potion of
                  | mutation]
  8492 | D:7      | Gained mutation: Your magical capacity is low. (-10% MP)
                  | [potion of mutation]
  8492 | D:7      | Gained mutation: You are dopey. (Int -2) [potion of
                  | mutation]
  8492 | D:7      | Gained mutation: You are agile. (Dex +2) [potion of
                  | mutation]
  8492 | D:7      | Gained mutation: Your muscles are strong. (Str +2) [potion
                  | of mutation]
  8525 | D:8      | Got an encrusted dagger
  8526 | D:8      | Identified the +3 dagger of Cikkatu {pierce, rElec rC+ rN+}
                  | (You found it on level 8 of the Dungeon)
  8545 | D:8      | Reached XP level 10. HP: 82/82 MP: 9/9
  8565 | D:8      | Reached skill level 5 in Dodging
  8865 | D:8      | Found a sacrificial altar of Ru.
  8908 | D:8      | Found an opulent altar of Gozag.
  9092 | D:9      | Found a hazy altar of Hepliaklqana.
  9198 | D:9      | Lost mutation: You are dopey. (Int -2) [potion of mutation]
  9198 | D:9      | Lost mutation: You are agile. (Dex +2) [potion of mutation]
  9198 | D:9      | Lost mutation: Your muscles are strong. (Str +2) [potion of
                  | mutation]
  9198 | D:9      | Gained mutation: Your spells are a little harder to cast,
                  | but a little more powerful. [potion of mutation]
  9198 | D:9      | Gained mutation: You are weak. (Str -2) [potion of
                  | mutation]
  9198 | D:9      | Lost mutation: Your magical capacity is low. (-10% MP)
                  | [potion of mutation]
  9198 | D:9      | Gained mutation: You possess an exceptional clarity of
                  | mind. [potion of mutation]
  9200 | D:9      | Noticed Erolcha
  9203 | D:9      | Killed Erolcha
  9203 | D:9      | Reached skill level 9 in Stealth
  9226 | D:9      | Found a burning altar of Makhleb.
  9248 | D:9      | Reached ** piety under Dithmenos
  9671 | D:10     | Entered Level 10 of the Dungeon
  9739 | D:10     | Reached skill level 1 in Invocations
  9848 | D:10     | Reached skill level 1 in Evocations
  9984 | D:10     | Noticed Snorg
  9993 | D:10     | Killed Snorg
 10187 | D:10     | Identified a scroll of acquirement
 10252 | D:11     | Reached XP level 11. HP: 63/91 MP: 12/12
 10409 | D:11     | Noticed a green ugly thing
 10454 | D:11     | Mangled by a brown ugly thing

Vault maps used:
D:1:      dpeg_arrival_boxes_within_box, st_stairs_1, kennysheep_boxes
D:2:      overflow_temple_1_default, hangedman_decor_push
D:3:      trog_wizard
D:4:      tgw_xom, serial_forest, infiniplex_forest_split,
          infiniplex_forest_clump_curved, infiniplex_forest_clump_long,
          infiniplex_forest_clump_long, infiniplex_forest_clump_double,
          infiniplex_forest_lined_corner, infiniplex_forest_lined_3,
          infiniplex_forest_end_1
D:5:      minmay_temple_entry_nine_rooms, enter_ossuary_3, first_ration,
          saegor_snake_ambush
D:6:      grunt_temple_overflow_open, gammafunk_temple_overflow_forgotten,
          gup_sewer_entry_spiral
D:7:      serial_shops, nicolae_shop_statue_plus, grunt_livestock,
          uniq_crazy_yiuf_cottage, uniq_joseph
D:8:      nicolae_gozag_seed_capital, old_standard_altar, lemuel_flamethrower_1
D:9:      kennysheep_mini, kennysheep_little_box, minivault_26, uniq_erolcha
D:10:     kennysheep_generic_room_16, uniq_snorg
D:11:     lemuel_slime, lair_entry_dummy, kennysheep_orc_monster_closet_entryway
Temple:   kb_corrupted_temple
Sewer:    sewer_frog_island_02
Ossuary:  ossuary_minmay_scorpions

Skill      XL: |  1  2  3  4  5  6  7  8  9 10 11 |
---------------+----------------------------------+-----
Dodging        | 1 2 3 4 5 |  5.6
Throwing       | 2 3 4 5 6 |  6.0
Stealth        | 4 5 6 7 8 9 |  9.3
Short Blades   | 3 4 5 6 8 |  8.9
Fighting       | 3 4 5 6 7 |  7.1
Shields        | 1 3 |  3.3
Invocations    | 2 |  2.8
Evocations     | 2 |  2.5

Action                   |  1- 3 |  4- 6 |  7- 9 | 10-12 || total
-------------------------+-------+-------+-------+-------++-------
Melee: Dagger            |   135 |   254 |   754 |   323 ||  1466
       Tailslap          |    10 |    34 |   138 |    67 ||   249
 Fire: Blowgun           |    13 |    11 |       |       ||    24
 Abil: Breathe Noxious F |       |       |     7 |     3 ||    10
Evoke: Wand              |       |       |       |     1 ||     1
  Use: Scroll            |       |       |    21 |     1 ||    22
       Potion            |       |       |     2 |     1 ||     3
 Stab: Sleeping          |     5 |    14 |    24 |    13 ||    56
       Confused          |       |       |    13 |     1 ||    14
       Distracted        |       |       |     3 |     2 ||     5
  Eat: Chunk             |     1 |     7 |    11 |     5 ||    24
       Ration            |       |       |     2 |     1 ||     3
Armor: Skin              |    54 |    87 |   172 |    37 ||   350
Dodge: Dodged            |   108 |   136 |   389 |   154 ||   787
Block: Buckler           |       |       |     4 |    58 ||    62

Table legend:
 A = Non-vault XP
 B = Vault XP
 C = Vault XP percentage of total XP
 D = Non-vault monster count
 E = Vault monster count
 F = Vault count percentage of total count
                 A         B        C        D         E       F
            +---------+---------+-------+---------+---------+-------
      Total |    6496 |    4946 |  43.2 |     216 |     101 |  31.9
            +---------+---------+-------+---------+---------+-------
        D:1 |      38 |       5 |  11.6 |      24 |       3 |  11.1
        D:2 |     211 |       0 |   0.0 |      25 |       0 |   0.0
        D:3 |     321 |       0 |   0.0 |      39 |       0 |   0.0
        D:4 |     283 |      23 |   7.5 |      14 |       5 |  26.3
        D:5 |     646 |      17 |   2.6 |      24 |       3 |  11.1
        D:6 |     171 |      31 |  15.3 |       5 |       4 |  44.4
        D:7 |     923 |    1378 |  59.9 |      26 |       7 |  21.2
        D:8 |    1531 |       0 |   0.0 |      22 |       0 |   0.0
        D:9 |     767 |     973 |  55.9 |      11 |       1 |   8.3
       D:10 |    1046 |    1194 |  53.3 |      20 |       3 |  13.0
       D:11 |     559 |       0 |   0.0 |       6 |       0 |   0.0
      Sewer |       0 |     374 | 100.0 |       0 |      48 | 100.0
    Ossuary |       0 |     951 | 100.0 |       0 |      27 | 100.0
            +---------+---------+-------+---------+---------+-------
